TOP OF THE 1ST |
Ft. Polk South Thunder Hawks batting - Pitching for Ottawa Nationals : RHP Walid bin Amid
|
Pitching: RHP Walid bin Amid
|
|
Batting: LHB Augusto Reyes
|
0-0: Ball 1-0: Swinging Strike 1-1: Ball 2-1: Ball 3-1: Fly out, F9 (Flyball, 89S)
|
Batting: LHB Yu Miao
|
0-0: Ball 1-0: Foul Ball, location: 2F 1-1: Foul Ball, location: 2F 1-2: Foul Ball, location: 2F 1-2: Ball 2-2: Strikes out swinging
|
Batting: RHB Ruggiero Veneziano
|
0-0: Ball 1-0: Ball 2-0: Ball 3-0: Called Strike 3-1: Swinging Strike 3-2: Base on Balls
|
Batting: LHB Marc Ben
|
0-0: Called Strike 0-1: SINGLE (Groundball, 25) (infield hit) Ruggiero Veneziano to second
|
Batting: RHB Pedro Larate
|
0-0: Ball 1-0: Called Strike 1-1: SINGLE (Line Drive, 56) Ruggiero Veneziano to third Marc Ben to second Runner from 3rd tries for Home, SAFE, no throw
|
Batting: RHB Thomas Feliciano
|
0-0: Called Strike 0-1: Swinging Strike 0-2: Foul Ball, location: 2F 0-2: Ball 1-2: Strikes out looking
|
Top of the 1st over - 1 run, 2 hits, 0 errors, 2 left on base; Ft. Polk South 1 - Ottawa 0 |
BOTTOM OF THE 1ST |
Ottawa Nationals batting - Pitching for Ft. Polk South Thunder Hawks : RHP Jesús Silva
|
Pitching: RHP Jesús Silva
|
|
Batting: LHB Tony Rodríguez
|
0-0: Called Strike 0-1: Ground out 4-3 (Groundball, 4)
|
Batting: LHB Don McGhee
|
0-0: Ball 1-0: Hit by Pitch
|
Batting: RHB José Bumgarnor
|
0-0: Foul Ball, location: 2F 0-1: Grounds into double play, 5-4-3 (Groundball, 56)
|
Bottom of the 1st over - 0 runs, 0 hits, 0 errors, 0 left on base; Ft. Polk South 1 - Ottawa 0 |
TOP OF THE 2ND |
Ft. Polk South Thunder Hawks batting - Pitching for Ottawa Nationals : RHP Walid bin Amid
|
Batting: RHB Melvin Aikey
|
0-0: Called Strike 0-1: Called Strike 0-2: Ball 1-2: Ball 2-2: Foul Ball, location: 2F 2-2: Foul Ball, location: 2F 2-2: Ball 3-2: SINGLE (Line Drive, 7S)
|
Pitching: LHP Walt Wilson
|
|
Batting: RHB Qu-bing Thien
|
0-0: Ball 1-0: Fly out, F7 (Line Drive, 78M)
|
Batting: SHB Dong-joo Yu
|
0-0: Ball 1-0: Fielders Choice at 2nd, 5-4 (Groundball, 56)
|
Batting: LHB Augusto Reyes
|
0-0: Called Strike 0-1: Called Strike 0-2: Ball 1-2: Strikes out swinging
|
Top of the 2nd over - 0 runs, 1 hit, 0 errors, 1 left on base; Ft. Polk South 1 - Ottawa 0 |
BOTTOM OF THE 2ND |
Ottawa Nationals batting - Pitching for Ft. Polk South Thunder Hawks : RHP Jesús Silva
|
Batting: LHB Alan Shaw
|
0-0: Foul Ball, location: 2F 0-1: Ball 1-1: Called Strike 1-2: Ball 2-2: Strikes out looking
|
Batting: RHB Yang-joo Pak
|
0-0: Called Strike 0-1: Ball 1-1: Foul Ball, location: 2F 1-2: Fly out, F8 (Flyball, 8RM)
|
Batting: RHB Bartho Simonse
|
0-0: Swinging Strike 0-1: Ball 1-1: SINGLE (Line Drive, 56D)
|
Batting: SHB Anthon Klomp
|
0-0: Called Strike 0-1: Ball 1-1: Swinging Strike 1-2: Foul Ball, location: 2F 1-2: Ball 2-2: Ball 3-2: Fly out, F9 (Flyball, 9)
|
Bottom of the 2nd over - 0 runs, 1 hit, 0 errors, 1 left on base; Ft. Polk South 1 - Ottawa 0 |
TOP OF THE 3RD |
Ft. Polk South Thunder Hawks batting - Pitching for Ottawa Nationals : LHP Walt Wilson
|
Batting: LHB Yu Miao
|
0-0: Ball 1-0: Ground out 4-3 (Groundball, 4)
|
Batting: RHB Ruggiero Veneziano
|
0-0: Called Strike 0-1: Ball 1-1: Ball 2-1: Ground out 5-3 (Groundball, 56)
|
Batting: LHB Marc Ben
|
0-0: Swinging Strike 0-1: Ball 1-1: Foul Ball, location: 2F 1-2: Ground out 4-3 (Groundball, 4)
|
Top of the 3rd over - 0 runs, 0 hits, 0 errors, 0 left on base; Ft. Polk South 1 - Ottawa 0 |
BOTTOM OF THE 3RD |
Ottawa Nationals batting - Pitching for Ft. Polk South Thunder Hawks : RHP Jesús Silva
|
Batting: RHB Manuel Vroonland
|
0-0: Ball 1-0: Ball 2-0: Ball 3-0: Called Strike 3-1: Base on Balls
|
Batting: RHB Eric Harvey
|
0-0: Ball 1-0: Foul Ball, location: 2F 1-1: Foul Ball, location: 2F 1-2: Foul Ball, location: 2F 1-2: Fielders Choice at 2nd, 6-4 (Groundball, 6)
|
Batting: LHB Tony Rodríguez
|
0-0: Ball 1-0: Called Strike 1-1: Ball Eric Harvey is caught stealing 2nd base 2-1: Called Strike 2-2: Ground out 3-1 (Groundball, 34)
|
Bottom of the 3rd over - 0 runs, 0 hits, 0 errors, 0 left on base; Ft. Polk South 1 - Ottawa 0 |
TOP OF THE 4TH |
Ft. Polk South Thunder Hawks batting - Pitching for Ottawa Nationals : LHP Walt Wilson
|
Batting: RHB Pedro Larate
|
0-0: Ball 1-0: Foul Ball, location: 2F 1-1: Ball 2-1: Foul Ball, location: 2F 2-2: Foul Ball, location: 2F 2-2: Ball 3-2: Base on Balls
|
Batting: RHB Thomas Feliciano
|
0-0: Ball 1-0: Foul Ball, location: 2F 1-1: SINGLE (Flyball, 8LS) Pedro Larate to second
|
Batting: RHB Melvin Aikey
|
0-0: Ball 1-0: Called Strike 1-1: Ball 2-1: Ball 3-1: Base on Balls Pedro Larate to third Thomas Feliciano to second
|
Batting: RHB Qu-bing Thien
|
0-0: Ball 1-0: SINGLE (Groundball, 34D) Pedro Larate scores Thomas Feliciano to third Melvin Aikey to second
|
Pitching: LHP Eric Holder
|
|
Batting: SHB Dong-joo Yu
|
0-0: Ball 1-0: GRAND SLAM HOME RUN (Flyball, 7LD), Distance : 365 ft
|
Batting: LHB Augusto Reyes
|
0-0: Called Strike 0-1: Called Strike 0-2: Strikes out looking
|
Batting: LHB Yu Miao
|
0-0: Swinging Strike 0-1: Foul Ball, location: 2F 0-2: Strikes out swinging
|
Batting: RHB Ruggiero Veneziano
|
0-0: Ball 1-0: Ground out 4-3 (Groundball, 4)
|
Top of the 4th over - 5 runs, 3 hits, 0 errors, 0 left on base; Ft. Polk South 6 - Ottawa 0 |
BOTTOM OF THE 4TH |
Ottawa Nationals batting - Pitching for Ft. Polk South Thunder Hawks : RHP Jesús Silva
|
Batting: LHB Don McGhee
|
0-0: Called Strike 0-1: Foul Ball, location: 2F 0-2: Foul Ball, location: 2F 0-2: Foul Ball, location: 2F 0-2: Ball 1-2: Foul Ball, location: 2F 1-2: Ball 2-2: SINGLE (Line Drive, 4MD)
|
Batting: RHB José Bumgarnor
|
0-0: Ball 1-0: Grounds into double play, 5-4-3 (Groundball, 56)
|
Batting: LHB Alan Shaw
|
0-0: Foul Ball, location: 2F 0-1: Foul Ball, location: 2F 0-2: Ball 1-2: Reached on error, E4 (Groundball, 4)
|
Batting: RHB Yang-joo Pak
|
0-0: Ball Wild Pitch! Alan Shaw to second 1-0: Fly out, F8 (Flyball, 89D)
|
Bottom of the 4th over - 0 runs, 1 hit, 1 error, 1 left on base; Ft. Polk South 6 - Ottawa 0 |
TOP OF THE 5TH |
Ft. Polk South Thunder Hawks batting - Pitching for Ottawa Nationals : LHP Eric Holder
|
Batting: LHB Marc Ben
|
0-0: Ball 1-0: Ball 2-0: Foul Ball, location: 2F 2-1: Ball 3-1: Base on Balls
|
Batting: RHB Pedro Larate
|
0-0: Fly out, F3 (Popup, 3S)
|
Batting: RHB Thomas Feliciano
|
0-0: Ball 1-0: Called Strike 1-1: Foul Ball, location: 2F 1-2: Foul Ball, location: 2F 1-2: SINGLE (Groundball, 25) (infield hit) Marc Ben to second
|
Batting: RHB Melvin Aikey
|
0-0: Grounds into double play, 6-4-3 (Groundball, 6)
|
Top of the 5th over - 0 runs, 1 hit, 0 errors, 1 left on base; Ft. Polk South 6 - Ottawa 0 |
BOTTOM OF THE 5TH |
Ottawa Nationals batting - Pitching for Ft. Polk South Thunder Hawks : RHP Jesús Silva
|
Batting: RHB Bartho Simonse
|
0-0: Called Strike 0-1: Ground out 6-3 (Groundball, 6)
|
Batting: SHB Anthon Klomp
|
0-0: Fly out, F7 (Flyball, 78D)
|
Batting: RHB Manuel Vroonland
|
0-0: SINGLE (Groundball, 56S) (infield hit)
|
Batting: RHB Eric Harvey
|
0-0: Fielders Choice at 2nd, 6-4 (Groundball, 6)
|
Bottom of the 5th over - 0 runs, 1 hit, 0 errors, 1 left on base; Ft. Polk South 6 - Ottawa 0 |
TOP OF THE 6TH |
Ft. Polk South Thunder Hawks batting - Pitching for Ottawa Nationals : LHP Eric Holder
|
Batting: RHB Qu-bing Thien
|
0-0: Ball 1-0: Ball 2-0: Ball 3-0: Base on Balls
|
Pitching: RHP Jorge Moreno
|
|
Batting: SHB Dong-joo Yu
|
Pickoff Throw to First - Out! 0-0: Called Strike 0-1: Foul Ball, location: 2F 0-2: Foul Ball, location: 2F 0-2: Ball 1-2: Ball 2-2: SINGLE (Groundball, 6MD)
|
Batting: LHB Augusto Reyes
|
0-0: Called Strike Balk! Dong-joo Yu to second 0-1: Swinging Strike 0-2: Ball 1-2: Ball 2-2: Reached on error, E3 (Groundball, 3) Dong-joo Yu to third
|
Batting: LHB Yu Miao
|
0-0: Ball 1-0: SINGLE (Flyball, 8RS) Dong-joo Yu scores Augusto Reyes to second
|
Batting: RHB Ruggiero Veneziano
|
0-0: Ball 1-0: Called Strike 1-1: Ball 2-1: Ball 3-1: Base on Balls Augusto Reyes to third Yu Miao to second
|
Batting: LHB Marc Ben
|
0-0: Swinging Strike 0-1: Ball 1-1: Ball 2-1: Foul Ball, location: 2F 2-2: Ball 3-2: SINGLE (Groundball, 34D) Augusto Reyes scores Yu Miao to third Ruggiero Veneziano to second
|
Pitching: RHP Luis Sánchez
|
|
Batting: RHB Pedro Larate
|
0-0: Foul Ball, location: 2F 0-1: Foul Ball, location: 2F 0-2: Ball 1-2: Fly out, F7 (Flyball, 7S)
|
Batting: RHB Thomas Feliciano
|
0-0: Called Strike 0-1: Fly out, F3 (Popup, 3S)
|
Top of the 6th over - 2 runs, 3 hits, 1 error, 3 left on base; Ft. Polk South 8 - Ottawa 0 |
BOTTOM OF THE 6TH |
Ottawa Nationals batting - Pitching for Ft. Polk South Thunder Hawks : RHP Jesús Silva
|
Batting: LHB Tony Rodríguez
|
0-0: Ball 1-0: Called Strike 1-1: Called Strike 1-2: Ball 2-2: Ball 3-2: Base on Balls
|
Batting: LHB Don McGhee
|
0-0: Swinging Strike 0-1: Ball 1-1: Ball Wild Pitch! Tony Rodríguez to second 2-1: Ground out 4-3 (Groundball, 4) Tony Rodríguez to third
|
Batting: RHB José Bumgarnor
|
0-0: Ball 1-0: Swinging Strike 1-1: Called Strike 1-2: SINGLE (Groundball, 6MS) (infield hit) Tony Rodríguez scores
|
Batting: LHB Alan Shaw
|
0-0: Fly out, F7 (Flyball, 7S)
|
Batting: RHB Yang-joo Pak
|
0-0: Ball 1-0: Called Strike 1-1: Ball 2-1: SINGLE (Flyball, 3D) José Bumgarnor to second Runner from 2nd tries for 3rd, SAFE, no throw
|
Pitching: RHP Dan Porter
|
|
Batting: RHB Bartho Simonse
|
0-0: Ball 1-0: Called Strike 1-1: Foul Ball, location: 2F 1-2: Foul Ball, location: 2F 1-2: Ball 2-2: Foul Ball, location: 2F 2-2: Ball 3-2: Base on Balls Yang-joo Pak to second
|
Batting: SHB Anthon Klomp
|
0-0: Ball 1-0: Swinging Strike 1-1: Called Strike 1-2: Strikes out swinging
|
Bottom of the 6th over - 1 run, 2 hits, 0 errors, 3 left on base; Ft. Polk South 8 - Ottawa 1 |
TOP OF THE 7TH |
Ft. Polk South Thunder Hawks batting - Pitching for Ottawa Nationals : RHP Luis Sánchez
|
Batting: RHB Melvin Aikey
|
0-0: Ball 1-0: SOLO HOME RUN (Flyball, 7LD), Distance : 361 ft
|
Pitching: RHP Sean Powell
|
|
Batting: RHB Qu-bing Thien
|
0-0: Called Strike 0-1: Ball 1-1: Ball 2-1: Ball 3-1: Ground out 4-3 (Groundball, 4M)
|
Batting: SHB Dong-joo Yu
|
0-0: Called Strike 0-1: Foul Ball, location: 2F 0-2: Fly out, F8 (Flyball, 8LM)
|
Batting: LHB Augusto Reyes
|
0-0: Foul Ball, location: 2F 0-1: Ball 1-1: SINGLE (Flyball, 89S)
|
Batting: LHB Yu Miao
|
0-0: Foul Ball, location: 2F 0-1: Ball 1-1: Foul Ball, location: 2F 1-2: SINGLE (Flyball, 9S) Augusto Reyes to second Runner from 2nd tries for 3rd, SAFE, no throw
|
Batting: RHB Ruggiero Veneziano
|
0-0: Called Strike 0-1: Ball 1-1: Ball 2-1: Ball 3-1: Ground out 1-3 (Groundball, P)
|
Top of the 7th over - 1 run, 3 hits, 0 errors, 2 left on base; Ft. Polk South 9 - Ottawa 1 |
BOTTOM OF THE 7TH |
Ottawa Nationals batting - Pitching for Ft. Polk South Thunder Hawks : RHP Dan Porter
|
Batting: RHB Manuel Vroonland
|
0-0: Ground out 5-3 (Groundball, 56S)
|
Batting: RHB Eric Harvey
|
0-0: SINGLE (Groundball, 56S) (infield hit)
|
Batting: LHB Tony Rodríguez
|
0-0: Ball 1-0: Foul Ball, location: 2F 1-1: SINGLE (Groundball, 25) (infield hit) Eric Harvey to second
|
Batting: LHB Don McGhee
|
0-0: Ball 1-0: Grounds into double play, 4-6-3 (Groundball, 34)
|
Bottom of the 7th over - 0 runs, 2 hits, 0 errors, 1 left on base; Ft. Polk South 9 - Ottawa 1 |
TOP OF THE 8TH |
Ft. Polk South Thunder Hawks batting - Pitching for Ottawa Nationals : RHP Sean Powell
|
Pitching: RHP Charles Repka
|
|
Batting: LHB Marc Ben
|
0-0: SINGLE (Groundball, 4MD)
|
Batting: RHB Pedro Larate
|
0-0: Ball 1-0: Fly out, F8 (Flyball, 8LD)
|
Batting: RHB Thomas Feliciano
|
0-0: Ball 1-0: Called Strike 1-1: Ball 2-1: Ball 3-1: Called Strike 3-2: SINGLE (Flyball, 89S) Marc Ben to second Runner from 2nd tries for 3rd, SAFE, no throw
|
Pinch Hitting: RHB Kyuso Kouno
|
0-0: Ball 1-0: Fielders Choice at 2nd, 6-4 (Groundball, 6M) Marc Ben scores
|
Batting: RHB Qu-bing Thien
|
0-0: Swinging Strike 0-1: Called Strike 0-2: Ball 1-2: Foul Ball, location: 2F 1-2: Strikes out swinging
|
Top of the 8th over - 1 run, 2 hits, 0 errors, 1 left on base; Ft. Polk South 10 - Ottawa 1 |
BOTTOM OF THE 8TH |
Ottawa Nationals batting - Pitching for Ft. Polk South Thunder Hawks : RHP Dan Porter
|
Now at 1B: Reece Cockin
|
|
Batting: RHB José Bumgarnor
|
0-0: Fly out, F8 (Flyball, 8LD)
|
Batting: LHB Alan Shaw
|
0-0: Ground out 4-3 (Groundball, 4)
|
Batting: RHB Yang-joo Pak
|
0-0: Ball 1-0: Fly out, F7 (Line Drive, 7S)
|
Bottom of the 8th over - 0 runs, 0 hits, 0 errors, 0 left on base; Ft. Polk South 10 - Ottawa 1 |
TOP OF THE 9TH |
Ft. Polk South Thunder Hawks batting - Pitching for Ottawa Nationals : RHP Charles Repka
|
Batting: SHB Dong-joo Yu
|
0-0: Ball 1-0: Ball 2-0: Ball 3-0: Called Strike 3-1: Called Strike 3-2: Foul Ball, location: 2F 3-2: Base on Balls
|
Batting: LHB Augusto Reyes
|
0-0: Ball 1-0: Called Strike 1-1: Ball Dong-joo Yu steals 2nd base 2-1: Called Strike 2-2: Ball 3-2: Base on Balls
|
Batting: LHB Yu Miao
|
0-0: Swinging Strike 0-1: Called Strike 0-2: Ball 1-2: Strikes out swinging
|
Pitching: RHP Gavin Burdikin
|
|
Batting: RHB Ruggiero Veneziano
|
0-0: Ball 1-0: Called Strike 1-1: Ball 2-1: Foul Ball, location: 2F 2-2: 3-RUN HOME RUN (Flyball, 7D), Distance : 367 ft
|
Batting: LHB Marc Ben
|
0-0: Ball 1-0: Foul Ball, location: 2F 1-1: Ball 2-1: SINGLE (Flyball, 7S)
|
Batting: RHB Pedro Larate
|
0-0: Ball 1-0: Fly out, F9 (Flyball, 9D)
|
Batting: RHB Thomas Feliciano
|
0-0: Ball 1-0: SINGLE (Flyball, 9S) Marc Ben to second Runner from 2nd tries for 3rd, SAFE, no throw
|
Batting: RHB Reece Cockin
|
0-0: Ball 1-0: Ball 2-0: Fly out, F9 (Flyball, 89M)
|
Top of the 9th over - 3 runs, 3 hits, 0 errors, 2 left on base; Ft. Polk South 13 - Ottawa 1 |
BOTTOM OF THE 9TH |
Ottawa Nationals batting - Pitching for Ft. Polk South Thunder Hawks : RHP Dan Porter
|
Batting: RHB Bartho Simonse
|
0-0: SINGLE (Flyball, 5D)
|
Batting: SHB Anthon Klomp
|
0-0: Ball 1-0: Ball 2-0: Fly out, F2 (Popup, 23F)
|
Batting: RHB Manuel Vroonland
|
0-0: Grounds into double play, 4-6-3 (Groundball, 4)
|
Bottom of the 9th over - 0 runs, 1 hit, 0 errors, 0 left on base; Ft. Polk South 13 - Ottawa 1 |
|